 Dungeon Crawl Stone Soup version 0.25.1-1-g288607f5aa (webtiles) character file.

Game seed: 15641016143653680309

17 H0rd4k the Insei (level 2, 0/18 HPs)
             Began as an Octopode Transmuter on July 22, 2020.
             Slain by a leopard gecko (4 damage)
             ... on level 1 of the Dungeon.
             The game lasted 00:00:20 (490 turns).

H0rd4k the Insei (Octopode Transmuter)               Turns: 490, Time: 00:00:21

Health: 0/18       AC:  1    Str:  9    XL:     2   Next: 62%
Magic:  4/5        EV: 13    Int: 15    God:
Gold:   12         SH:  0    Dex: 12    Spells: 4/5 levels left

rFire    . . .     SeeInvis .     - Unarmed
rCold    . . .     Gourm    .   (no shield)
rNeg     . . .     Faith    .   (helmet restricted)
rPois    .         Spirit   .   (no amulet)
rElec    .         Reflect  .   (no ring)
rCorr    .         Harm     .   (no ring)
MR       .....                  (no ring)
Stlth    ++........             (no ring)
HPRegen  0.06/turn              (no ring)
MPRegen  0.09/turn              (no ring)
                                (no ring)
                                (no ring)

@: appendage (expiring)
A: almost no armour, stealthy swim, amphibious, 8 rings, constrict 8, tentacle
spike 3, camouflage 1, gelatinous body 1
a: End Transformation


You were on level 1 of the Dungeon.
You were not hungry.
One of your tentacles had a temporary spike.
You visited 1 branch of the dungeon, and saw 1 of its levels.

You collected 12 gold pieces.

Inventory:

Missiles
 a - 31 arrows
Jewellery
 b - an uncursed ring of flight {unknown}
 d - a cursed ring of teleportation {unknown}
Scrolls
 e - a scroll of random uselessness {unknown}
 f - a scroll of remove curse {unknown}
Potions
 g - a potion of heal wounds {unknown}
Comestibles
 c - 2 rations
 h - 3 chunks of flesh


   Skills:
 + Level 1.0 Fighting
 + Level 2.0 Dodging
 + Level 0.7 Stealth
 + Level 3.7 Unarmed Combat
 + Level 2.0 Spellcasting
 + Level 2.0 Transmutations


You had 4 spell levels left.
You knew the following spells:

 Your Spells              Type           Power        Failure   Level  Hunger
a - Beastly Appendage     Tmut           #.....       10%         1    #......

Your spell library contained the following spells:

 Spells                   Type           Power        Failure   Level  Hunger
 Sticks to Snakes         Tmut           #.......     14%         2    ###....
 Spider Form              Tmut/Pois      #.........   41%         3    ###....
 Ice Form                 Ice/Tmut       #.......     82%         4    #####..
 Blade Hands              Tmut           #.........   95%         5    ######.


Dungeon Overview and Level Annotations

Branches:
Dungeon (1/15)

Altars:


Innate Abilities, Weirdness & Mutations

You cannot wear most types of armour.
You are very stealthy in the water. (Stealth+)
You are amphibious.
You can wear up to eight rings at the same time.
You can use your tentacles to constrict eight enemies at once.
Your skin changes colour to match your surroundings (Stealth+).
Your rubbery body absorbs attacks. (AC +1, EV +1)
One of your tentacles bears a large vicious spike.


Message History

The ooze hits you.
You tentacle-slap the ooze.
You kill the ooze!
You are too injured to fight recklessly!
A leopard gecko is nearby!
You are too injured to fight recklessly!
A leopard gecko is nearby!
You are too injured to fight recklessly!
A leopard gecko is nearby!
You are too injured to fight recklessly!
A leopard gecko is nearby!
Your transformation is almost over.
The leopard gecko hisses angrily.
The leopard gecko bites you.
* * * LOW HITPOINT WARNING * * *
Found a fizzy golden potion.
You barely miss the leopard gecko. Your grab misses the leopard gecko.
Your tentacle spike misses the leopard gecko.
Your squeeze misses the leopard gecko. The leopard gecko bites you.
You die...

# #.# # #.#
######### # #.#
#(....... #
##.########
#.#####.# #
#.......... #..
#######..########
##. .........# #.
#####[...#
##########..! #.
#.##.#
#....@l...... #.
#.##.#
#.#######.8.. #.
#.##.# #.# # #.
#####.##.###.# #.
.....÷.......####
##
#####÷##......†.#
#.#########......
#.# ##### #.#


You could see a leopard gecko.

Vanquished Creatures
  An ooze (D:1)
  A leopard gecko (D:1)
  3 bats (D:1)
  2 goblins (D:1)
  2 jackals (D:1)
  A ball python (D:1)
  2 rats (D:1)
12 creatures vanquished.

Notes
Turn   | Place    | Note
-------+----------+-------------------------------------------
     0 | D:1      | H0rd4k the Octopode Transmuter began the quest for the Orb.
     0 | D:1      | Reached XP level 1. HP: 13/13 MP: 3/3
   233 | D:1      | Reached XP level 2. HP: 8/18 MP: 5/5
   490 | D:1      | Slain by a leopard gecko

Illustrated notes

Levels and vault maps discovered:
D:1:      psy_arrival_spokes, layout_loops_ring, minmay_misc_feat_four_crosses

Action                   || total
-------------------------++-------
Melee: Unarmed           ||    30
       Constrict         ||     9
       Tentacles         ||     5
       Punch             ||     2
       Kick              ||     1
 Cast: Beastly Appendage ||     2
 Stab: Sleeping          ||     1
Armor: Skin              ||     8
Dodge: Dodged            ||    22
